 Dungeon Crawl Stone Soup version 0.18-a0-844-g9229740 (webtiles) character file.

129 Gorice the Charmwright (level 4, -1/20 HPs)
             Began as a Felid Wanderer on Dec 18, 2015.
             Slain by an iguana (4 damage)
             ... on level 4 of the Dungeon.
             The game lasted 00:17:13 (4045 turns).

Gorice the Charmwright (Felid Wanderer)             Turns: 4045, Time: 00:17:13

Health: -1/20      AC:  1    Str:  7    XL:     4   Next: 88%
Magic:  15/15      EV: 19    Int: 13    God:
Gold:   148        SH:  0    Dex: 18    Spells: 1 memorised, 4 levels left
                                        Lives:  0   Deaths: 1

rFire  . . .     SeeInvis +       - Unarmed
rCold  . . .     Gourm    .     (armour unavailable)
rNeg   . . .     Faith    .     (shield unavailable)
rPois  .         Spirit   .     (helmet unavailable)
rElec  .         Dismiss  .     (cloak unavailable)
rCorr  .         Reflect  .     (gloves unavailable)
SustAt .         Harm     .     (boots unavailable)
MR     +....                    (no amulet)
Stlth  +++.......               c - ring of protection from magic
                                j - ring of magical power

@: infused, quick, somewhat resistant to hostile enchantments, fairly stealthy
A: no armour, no weapons or thrown items, claws 1, fangs 3, see invisible,
carnivore 3, speed 1, shaggy fur 1, slow metabolism 1, sharp paws
a: no special abilities


You were on level 4 of the Dungeon.
You were not hungry.

You visited 1 branch of the dungeon, and saw 4 of its levels.

You collected 148 gold pieces.

Inventory:

Jewellery
 c - a ring of protection from magic (right paw)
 j - a ring of magical power (left paw)
Wands
 g - a wand of enslavement (4)
Scrolls
 l - a scroll of magic mapping {!r}
 o - a scroll of identify {unknown}
 s - 2 scrolls of recharging {unknown}
 t - a scroll of teleportation {!r}
 u - a scroll of immolation {unknown}
Potions
 e - a potion of cure mutation {unknown}
 f - a potion of agility {unknown}
 m - 2 potions of poison {unknown}
 n - 2 potions of brilliance {unknown}
 p - a potion of mutation {unknown}
 q - a potion of magic {unknown}
 r - a potion of might {unknown}
Books
 a - a book of Battle
 b - the Handbook of Protection and Flight

   Spells                             Type                      Level
   a - Repel Missiles                 Charms/Air                   2
   b - Swiftness                      Charms/Air                   2
Comestibles
 d - 3 meat rations {!e}
 h - 2 royal jellies
 i - a beef jerky


   Skills:
 + Level 2.4 Fighting
 + Level 3.8 Dodging
 - Level 4.0 Stealth
 * Level 4.4 Unarmed Combat
 - Level 1.0 Spellcasting
 - Level 4.8 Charms


You had 4 spell levels left.
You knew the following spells:

 Your Spells              Type           Power        Failure   Level  Hunger
a - Infusion              Chrm           ##....       4%          1    ##.....


Dungeon Overview and Level Annotations

Branches:
Dungeon (4/15)
 Temple: D:4-7

Altars:
Trog
Xom

Shops:
D:4 [

Annotations:
D:2 vpUX: Yiuf's house
D:3 pUX: ice beast, orc priest


Innate Abilities, Weirdness & Mutations

You cannot wear armour.
You are incapable of wielding weapons or throwing items.
You have sharp claws.
You have razor-sharp teeth.
You have supernaturally acute eyesight.
You are carnivorous and can eat meat at any time.
You cover ground quickly.
You are covered in fur (AC +1).
You have a slow metabolism.
Your sharp claws are effective at attacking unaware monsters.


Message History

You scratch the orc wizard. Your bite misses the orc wizard.
The orc wizard is severely wounded.
The orc barely misses you. The orc closely misses you.
The orc wizard misses you. The orc completely misses you.
You miss the orc wizard. You bite the orc wizard.
The orc wizard is severely wounded.
The orc wizard barely misses you. The orc wizard misses you.
The orc wizard casts a spell.
The orc wizard seems to speed up.
You are no longer magically infusing your attacks.
The orc wizard gestures wildly while chanting.
The orc wizard flickers and vanishes for a moment.
The orc closely misses you.
Casting: Infusion
Confirm with . or Enter, or press ? or * to list all spells.
You begin infusing your attacks with magical energy.
The orc wizard miscasts a cantrip.
You scratch the orc.
You kill the orc!
The orc wizard points at you and mumbles some strange words.
The puff of flame hits you!
Ouch! That really hurt!
You die...
You are now level 4!
You rejoin the land of the living...
Found a scale mail.
Unknown command.
As you open the door, it creaks loudly!
There is an open door here.
You open the door.
There is an open door here.
An iguana comes into view.
Casting: Infusion
Confirm with . or Enter, or press ? or * to list all spells.
You begin infusing your attacks with magical energy.
A giant gecko comes into view.
You scratch the iguana but do no damage.
The iguana bites you!
Ouch! That really hurt!
Damage: 10 (max 10) Unknown command.
The iguana closely misses you.
You closely miss the iguana. The iguana bites you!
* * * LOW HITPOINT WARNING * * *
Damage: 7 (max 10)
You scratch the iguana but do no damage.
The iguana bites you.
You die...

..#.....#....+...#
+.................
#
###.##.#######...
.. +....#....# .#
. .#....'....+..#
................
##+##.###...###.#
##............# .
.......l@.....#
...l..........#
.........?....+
##...####.#####
#.. #.# #. ..+ #
..# ##


You could see an iguana and a giant gecko.

Vanquished Creatures
  A centaur (D:3)
  Natasha (D:2)
  4 gnolls
  4 adders
  A worm (D:3)
  A giant gecko (D:2)
  An orc (D:4)
  3 giant cockroaches
  10 hobgoblins
  7 jackals
  10 kobolds
  6 bats
  2 giant newts
  8 goblins
  3 quokkas
  16 rats
78 creatures vanquished.

Notes
Turn   | Place    | Note
--------------------------------------------------------------
     0 | D:1      | Gorice the Felid Wanderer began the quest for the Orb.
     0 | D:1      | Gorice set off with: a book of Battle, the Handbook of Protection and Flight, a potion of lignification {!q}, a meat ration {!e}
     0 | D:1      | Reached XP level 1. HP: 9/9 MP: 3/3
     0 | D:1      | Identified the Handbook of Protection and Flight
     2 | D:1      | Learned a level 1 spell: Infusion
   413 | D:1      | Reached XP level 2. HP: 12/12 MP: 4/4
   643 | D:1      | Reached skill level 2 in Unarmed Combat
   703 | D:1      | Found a shimmering altar of Xom.
   875 | D:2      | Reached skill level 1 in Dodging
   969 | D:2      | Reached XP level 3. HP: 8/15 MP: 5/5
   979 | D:2      | HP: 4/15 [poisoned by an adder]
   987 | D:2      | HP: 3/15 [poisoned by an adder]
  1826 | D:2      | Noticed Natasha
  1964 | D:2      | Reached skill level 2 in Dodging
  2257 | D:2      | Reached skill level 3 in Unarmed Combat
  2257 | D:2      | Reached XP level 4. HP: 19/19 MP: 6/6
  2404 | D:2      | Killed Natasha
  2694 | D:2      | Reached skill level 2 in Fighting
  2866 | D:3      | --Playing felid - so storm dragon armour on D3!
  2965 | D:2      | Reached skill level 3 in Dodging
  2965 | D:2      | Reached XP level 5. HP: 15/22 MP: 7/7
  3280 | D:3      | Noticed a moth of wrath
  3283 | D:3      | Found a bloodstained altar of Trog.
  3334 | D:3      | Noticed a centaur
  3344 | D:3      | Killed a centaur
  3344 | D:3      | Reached skill level 4 in Unarmed Combat
  3682 | D:3      | Noticed an ice beast
  3961 | D:4      | Found Tuirryah's Armour Shoppe.
  3985 | D:4      | HP: 6/23 [orc/short sword (6)]
  3997 | D:4      | Killed from afar by an orc wizard
  3998 | D:4      | Reached XP level 4. HP: -6/20 MP: 13/15
  4044 | D:4      | HP: 3/20 [iguana (7)]
  4045 | D:4      | Slain by an iguana

Vault maps used:
D:1:      mainiacjoe_arrival_reflecting_pool, corexii_leaking_fountain,
          xom_teletrap_fun
D:2:      serial_co_window_serial, co_window_of_opportunity_a,
          co_window_paths_a, co_window_corner_a, co_window_of_opportunity_a,
          co_window_of_opportunity_a, co_window_paths_a, co_window_corner_a,
          co_window_corner_a, co_window_of_opportunity_a, co_window_broadway_a,
          co_window_corner_b, co_window_broadway_a, co_window_broadway_a,
          first_bread, uniq_crazy_yiuf_cottage, uniq_natasha
D:3:      tgw_trog, kennysheep_generic_room_6
D:4:      lemuel_doored_altar, serial_shops, shop

Action                   |  1- 3 |  4- 6 || total
-------------------------+-------+-------++-------
Melee: Unarmed           |    97 |    84 ||   181
 Cast: Infusion          |    18 |    18 ||    36
  Use: Scroll            |     3 |     1 ||     4
       Potion            |     1 |       ||     1
 Stab: Sleeping          |    16 |     6 ||    22
       Distracted        |     1 |       ||     1
  Eat: Chunk             |    10 |     4 ||    14

Table legend:
 A = Turns spent in this place as a percentage of turns spent in the entire game.
 B = Non-inter-level travel turns spent in this place as a percentage of non-inter-level travel turns spent in the entire game.
 C = Inter-level travel turns spent in this place as a percentage of turns spent in this place.
 D = Turns resting spent in this place as a percentage of non-inter-level travel turns spent in this place.
 E = Turns spent auto-exploring this place as a percentage of non-inter-level travel turns spent in this place.
 F = Non-inter-level travel turns spent in this place divided by the number of levels of this place that you've seen.
                   A       B       C       D       E      F
               +-------+-------+-------+-------+-------+----------------------
         Total | 100.0 | 100.0 |   0.3 |   5.9 |   5.5 | 298.8
       Dungeon | 100.0 | 100.0 |   0.3 |   5.9 |   5.5 | 298.8
               +-------+-------+-------+-------+-------+----------------------

Vault maps used:
D:1:      mainiacjoe_arrival_reflecting_pool, corexii_leaking_fountain,
          xom_teletrap_fun
D:2:      serial_co_window_serial, co_window_of_opportunity_a,
          co_window_paths_a, co_window_corner_a, co_window_of_opportunity_a,
          co_window_of_opportunity_a, co_window_paths_a, co_window_corner_a,
          co_window_corner_a, co_window_of_opportunity_a, co_window_broadway_a,
          co_window_corner_b, co_window_broadway_a, co_window_broadway_a,
          first_bread, uniq_crazy_yiuf_cottage, uniq_natasha
D:3:      tgw_trog, kennysheep_generic_room_6
D:4:      lemuel_doored_altar, serial_shops, shop
